Workbook

Sheet General ledger
A1: General ledger
A2: Enter each line of each entry. Balances run by account; the Trial balance tab sums the ledger.
A4: Date | B4: Entry no. | C4: Account no. | D4: Account name | E4: Description | F4: Debit | G4: Credit | H4: Account balance
A5: 46296 | B5: JE-0101 | C5: 1000 | D5: Cash | E5: Owner contribution | F5: 50000 | H5: =IF(C5="","",IF(VLOOKUP(C5,Accounts!$A$5:$D$200,4,FALSE())="Debit",1,-1)*(SUMIFS($F$5:F5,$C$5:C5,C5)-SUMIFS($G$5:G5,$C$5:C5,C5))) -> 50000
A6: 46296 | B6: JE-0101 | C6: 3000 | D6: Owner's equity | E6: Owner contribution | G6: 50000 | H6: =IF(C6="","",IF(VLOOKUP(C6,Accounts!$A$5:$D$200,4,FALSE())="Debit",1,-1)*(SUMIFS($F$5:F6,$C$5:C6,C6)-SUMIFS($G$5:G6,$C$5:C6,C6))) -> 50000
A7: 46298 | B7: JE-0102 | C7: 1500 | D7: Equipment | E7: Laptops and monitors | F7: 6200 | H7: =IF(C7="","",IF(VLOOKUP(C7,Accounts!$A$5:$D$200,4,FALSE())="Debit",1,-1)*(SUMIFS($F$5:F7,$C$5:C7,C7)-SUMIFS($G$5:G7,$C$5:C7,C7))) -> 6200
A8: 46298 | B8: JE-0102 | C8: 1000 | D8: Cash | E8: Laptops and monitors | G8: 6200 | H8: =IF(C8="","",IF(VLOOKUP(C8,Accounts!$A$5:$D$200,4,FALSE())="Debit",1,-1)*(SUMIFS($F$5:F8,$C$5:C8,C8)-SUMIFS($G$5:G8,$C$5:C8,C8))) -> 43800
A9: 46300 | B9: JE-0103 | C9: 6300 | D9: Rent expense | E9: October office rent | F9: 2400 | H9: =IF(C9="","",IF(VLOOKUP(C9,Accounts!$A$5:$D$200,4,FALSE())="Debit",1,-1)*(SUMIFS($F$5:F9,$C$5:C9,C9)-SUMIFS($G$5:G9,$C$5:C9,C9))) -> 2400
A10: 46300 | B10: JE-0103 | C10: 1000 | D10: Cash | E10: October office rent | G10: 2400 | H10: =IF(C10="","",IF(VLOOKUP(C10,Accounts!$A$5:$D$200,4,FALSE())="Debit",1,-1)*(SUMIFS($F$5:F10,$C$5:C10,C10)-SUMIFS($G$5:G10,$C$5:C10,C10))) -> 41400
A11: 46307 | B11: JE-0104 | C11: 1200 | D11: Accounts receivable | E11: Invoice 1001, Hollis & Co. | F11: 8500 | H11: =IF(C11="","",IF(VLOOKUP(C11,Accounts!$A$5:$D$200,4,FALSE())="Debit",1,-1)*(SUMIFS($F$5:F11,$C$5:C11,C11)-SUMIFS($G$5:G11,$C$5:C11,C11))) -> 8500
A12: 46307 | B12: JE-0104 | C12: 4000 | D12: Service revenue | E12: Invoice 1001, Hollis & Co. | G12: 8500 | H12: =IF(C12="","",IF(VLOOKUP(C12,Accounts!$A$5:$D$200,4,FALSE())="Debit",1,-1)*(SUMIFS($F$5:F12,$C$5:C12,C12)-SUMIFS($G$5:G12,$C$5:C12,C12))) -> 8500
A13: 46315 | B13: JE-0105 | C13: 6200 | D13: Software subscriptions | E13: Accounting and payroll software | F13: 310 | H13: =IF(C13="","",IF(VLOOKUP(C13,Accounts!$A$5:$D$200,4,FALSE())="Debit",1,-1)*(SUMIFS($F$5:F13,$C$5:C13,C13)-SUMIFS($G$5:G13,$C$5:C13,C13))) -> 310
A14: 46315 | B14: JE-0105 | C14: 2000 | D14: Accounts payable | E14: Accounting and payroll software | G14: 310 | H14: =IF(C14="","",IF(VLOOKUP(C14,Accounts!$A$5:$D$200,4,FALSE())="Debit",1,-1)*(SUMIFS($F$5:F14,$C$5:C14,C14)-SUMIFS($G$5:G14,$C$5:C14,C14))) -> 310
A15: 46323 | B15: JE-0106 | C15: 1000 | D15: Cash | E15: Payment on invoice 1001 | F15: 8500 | H15: =IF(C15="","",IF(VLOOKUP(C15,Accounts!$A$5:$D$200,4,FALSE())="Debit",1,-1)*(SUMIFS($F$5:F15,$C$5:C15,C15)-SUMIFS($G$5:G15,$C$5:C15,C15))) -> 49900
A16: 46323 | B16: JE-0106 | C16: 1200 | D16: Accounts receivable | E16: Payment on invoice 1001 | G16: 8500 | H16: =IF(C16="","",IF(VLOOKUP(C16,Accounts!$A$5:$D$200,4,FALSE())="Debit",1,-1)*(SUMIFS($F$5:F16,$C$5:C16,C16)-SUMIFS($G$5:G16,$C$5:C16,C16))) -> 0
A17: 46326 | B17: JE-0107 | C17: 6100 | D17: Wages expense | E17: October payroll | F17: 9000 | H17: =IF(C17="","",IF(VLOOKUP(C17,Accounts!$A$5:$D$200,4,FALSE())="Debit",1,-1)*(SUMIFS($F$5:F17,$C$5:C17,C17)-SUMIFS($G$5:G17,$C$5:C17,C17))) -> 9000
A18: 46326 | B18: JE-0107 | C18: 1000 | D18: Cash | E18: October payroll | G18: 9000 | H18: =IF(C18="","",IF(VLOOKUP(C18,Accounts!$A$5:$D$200,4,FALSE())="Debit",1,-1)*(SUMIFS($F$5:F18,$C$5:C18,C18)-SUMIFS($G$5:G18,$C$5:C18,C18))) -> 40900
H19: =IF(C19="","",IF(VLOOKUP(C19,Accounts!$A$5:$D$200,4,FALSE())="Debit",1,-1)*(SUMIFS($F$5:F19,$C$5:C19,C19)-SUMIFS($G$5:G19,$C$5:C19,C19)))
H20: =IF(C20="","",IF(VLOOKUP(C20,Accounts!$A$5:$D$200,4,FALSE())="Debit",1,-1)*(SUMIFS($F$5:F20,$C$5:C20,C20)-SUMIFS($G$5:G20,$C$5:C20,C20)))
H21: =IF(C21="","",IF(VLOOKUP(C21,Accounts!$A$5:$D$200,4,FALSE())="Debit",1,-1)*(SUMIFS($F$5:F21,$C$5:C21,C21)-SUMIFS($G$5:G21,$C$5:C21,C21)))
H22: =IF(C22="","",IF(VLOOKUP(C22,Accounts!$A$5:$D$200,4,FALSE())="Debit",1,-1)*(SUMIFS($F$5:F22,$C$5:C22,C22)-SUMIFS($G$5:G22,$C$5:C22,C22)))
H23: =IF(C23="","",IF(VLOOKUP(C23,Accounts!$A$5:$D$200,4,FALSE())="Debit",1,-1)*(SUMIFS($F$5:F23,$C$5:C23,C23)-SUMIFS($G$5:G23,$C$5:C23,C23)))
H24: =IF(C24="","",IF(VLOOKUP(C24,Accounts!$A$5:$D$200,4,FALSE())="Debit",1,-1)*(SUMIFS($F$5:F24,$C$5:C24,C24)-SUMIFS($G$5:G24,$C$5:C24,C24)))
H25: =IF(C25="","",IF(VLOOKUP(C25,Accounts!$A$5:$D$200,4,FALSE())="Debit",1,-1)*(SUMIFS($F$5:F25,$C$5:C25,C25)-SUMIFS($G$5:G25,$C$5:C25,C25)))
H26: =IF(C26="","",IF(VLOOKUP(C26,Accounts!$A$5:$D$200,4,FALSE())="Debit",1,-1)*(SUMIFS($F$5:F26,$C$5:C26,C26)-SUMIFS($G$5:G26,$C$5:C26,C26)))
H27: =IF(C27="","",IF(VLOOKUP(C27,Accounts!$A$5:$D$200,4,FALSE())="Debit",1,-1)*(SUMIFS($F$5:F27,$C$5:C27,C27)-SUMIFS($G$5:G27,$C$5:C27,C27)))
H28: =IF(C28="","",IF(VLOOKUP(C28,Accounts!$A$5:$D$200,4,FALSE())="Debit",1,-1)*(SUMIFS($F$5:F28,$C$5:C28,C28)-SUMIFS($G$5:G28,$C$5:C28,C28)))
H29: =IF(C29="","",IF(VLOOKUP(C29,Accounts!$A$5:$D$200,4,FALSE())="Debit",1,-1)*(SUMIFS($F$5:F29,$C$5:C29,C29)-SUMIFS($G$5:G29,$C$5:C29,C29)))
H30: =IF(C30="","",IF(VLOOKUP(C30,Accounts!$A$5:$D$200,4,FALSE())="Debit",1,-1)*(SUMIFS($F$5:F30,$C$5:C30,C30)-SUMIFS($G$5:G30,$C$5:C30,C30)))
... H404: =IF(C404="","",IF(VLOOKUP(C404,Accounts!$A$5:$D$200,4,FALSE())="Debit",1,-1)*(SUMIFS($F$5:F404,$C$5:C404,C404)-SUMIFS($G$5:G404,$C$5:C404,C404)))
A406: From the general ledger template at https://aiaccountingvendors.com/tools/general-ledger-template

Sheet Accounts
A1: Accounts
A2: Add accounts here before using them in the ledger. Normal balance sets the sign of the running balance.
A4: Account no. | B4: Account name | C4: Type | D4: Normal balance
A5: 1000 | B5: Cash | C5: Asset | D5: Debit
A6: 1200 | B6: Accounts receivable | C6: Asset | D6: Debit
A7: 1500 | B7: Equipment | C7: Asset | D7: Debit
A8: 2000 | B8: Accounts payable | C8: Liability | D8: Credit
A9: 3000 | B9: Owner's equity | C9: Equity | D9: Credit
A10: 4000 | B10: Service revenue | C10: Revenue | D10: Credit
A11: 6100 | B11: Wages expense | C11: Expense | D11: Debit
A12: 6200 | B12: Software subscriptions | C12: Expense | D12: Debit
A13: 6300 | B13: Rent expense | C13: Expense | D13: Debit

Sheet Trial balance
A1: Trial balance from the ledger
A2: Each account's net balance, from the General ledger tab. Debits and credits should agree.
A4: Account no. | B4: Account name | C4: Debit | D4: Credit
A5: =IF(Accounts!A5="","",Accounts!A5) -> 1000 | B5: =IF(Accounts!B5="","",Accounts!B5) -> Cash | C5: =IF(A5="","",IF((SUMIFS('General ledger'!$F$5:$F$404,'General ledger'!$C$5:$C$404,A5)-SUMIFS('General ledger'!$G$5:$G$404,'General ledger'!$C$5:$C$404,A5))>0,(SUMIFS('General ledger'!$F$5:$F$404,'General ledger'!$C$5:$C$404,A5)-SUMIFS('General ledger'!$G$5:$G$404,'General ledger'!$C$5:$C$404,A5)),0)) -> 40900 | D5: =IF(A5="","",IF((SUMIFS('General ledger'!$F$5:$F$404,'General ledger'!$C$5:$C$404,A5)-SUMIFS('General ledger'!$G$5:$G$404,'General ledger'!$C$5:$C$404,A5))<0,-(SUMIFS('General ledger'!$F$5:$F$404,'General ledger'!$C$5:$C$404,A5)-SUMIFS('General ledger'!$G$5:$G$404,'General ledger'!$C$5:$C$404,A5)),0)) -> 0
A6: =IF(Accounts!A6="","",Accounts!A6) -> 1200 | B6: =IF(Accounts!B6="","",Accounts!B6) -> Accounts receivable | C6: =IF(A6="","",IF((SUMIFS('General ledger'!$F$5:$F$404,'General ledger'!$C$5:$C$404,A6)-SUMIFS('General ledger'!$G$5:$G$404,'General ledger'!$C$5:$C$404,A6))>0,(SUMIFS('General ledger'!$F$5:$F$404,'General ledger'!$C$5:$C$404,A6)-SUMIFS('General ledger'!$G$5:$G$404,'General ledger'!$C$5:$C$404,A6)),0)) -> 0 | D6: =IF(A6="","",IF((SUMIFS('General ledger'!$F$5:$F$404,'General ledger'!$C$5:$C$404,A6)-SUMIFS('General ledger'!$G$5:$G$404,'General ledger'!$C$5:$C$404,A6))<0,-(SUMIFS('General ledger'!$F$5:$F$404,'General ledger'!$C$5:$C$404,A6)-SUMIFS('General ledger'!$G$5:$G$404,'General ledger'!$C$5:$C$404,A6)),0)) -> 0
A7: =IF(Accounts!A7="","",Accounts!A7) -> 1500 | B7: =IF(Accounts!B7="","",Accounts!B7) -> Equipment | C7: =IF(A7="","",IF((SUMIFS('General ledger'!$F$5:$F$404,'General ledger'!$C$5:$C$404,A7)-SUMIFS('General ledger'!$G$5:$G$404,'General ledger'!$C$5:$C$404,A7))>0,(SUMIFS('General ledger'!$F$5:$F$404,'General ledger'!$C$5:$C$404,A7)-SUMIFS('General ledger'!$G$5:$G$404,'General ledger'!$C$5:$C$404,A7)),0)) -> 6200 | D7: =IF(A7="","",IF((SUMIFS('General ledger'!$F$5:$F$404,'General ledger'!$C$5:$C$404,A7)-SUMIFS('General ledger'!$G$5:$G$404,'General ledger'!$C$5:$C$404,A7))<0,-(SUMIFS('General ledger'!$F$5:$F$404,'General ledger'!$C$5:$C$404,A7)-SUMIFS('General ledger'!$G$5:$G$404,'General ledger'!$C$5:$C$404,A7)),0)) -> 0
A8: =IF(Accounts!A8="","",Accounts!A8) -> 2000 | B8: =IF(Accounts!B8="","",Accounts!B8) -> Accounts payable | C8: =IF(A8="","",IF((SUMIFS('General ledger'!$F$5:$F$404,'General ledger'!$C$5:$C$404,A8)-SUMIFS('General ledger'!$G$5:$G$404,'General ledger'!$C$5:$C$404,A8))>0,(SUMIFS('General ledger'!$F$5:$F$404,'General ledger'!$C$5:$C$404,A8)-SUMIFS('General ledger'!$G$5:$G$404,'General ledger'!$C$5:$C$404,A8)),0)) -> 0 | D8: =IF(A8="","",IF((SUMIFS('General ledger'!$F$5:$F$404,'General ledger'!$C$5:$C$404,A8)-SUMIFS('General ledger'!$G$5:$G$404,'General ledger'!$C$5:$C$404,A8))<0,-(SUMIFS('General ledger'!$F$5:$F$404,'General ledger'!$C$5:$C$404,A8)-SUMIFS('General ledger'!$G$5:$G$404,'General ledger'!$C$5:$C$404,A8)),0)) -> 310
A9: =IF(Accounts!A9="","",Accounts!A9) -> 3000 | B9: =IF(Accounts!B9="","",Accounts!B9) -> Owner's equity | C9: =IF(A9="","",IF((SUMIFS('General ledger'!$F$5:$F$404,'General ledger'!$C$5:$C$404,A9)-SUMIFS('General ledger'!$G$5:$G$404,'General ledger'!$C$5:$C$404,A9))>0,(SUMIFS('General ledger'!$F$5:$F$404,'General ledger'!$C$5:$C$404,A9)-SUMIFS('General ledger'!$G$5:$G$404,'General ledger'!$C$5:$C$404,A9)),0)) -> 0 | D9: =IF(A9="","",IF((SUMIFS('General ledger'!$F$5:$F$404,'General ledger'!$C$5:$C$404,A9)-SUMIFS('General ledger'!$G$5:$G$404,'General ledger'!$C$5:$C$404,A9))<0,-(SUMIFS('General ledger'!$F$5:$F$404,'General ledger'!$C$5:$C$404,A9)-SUMIFS('General ledger'!$G$5:$G$404,'General ledger'!$C$5:$C$404,A9)),0)) -> 50000
A10: =IF(Accounts!A10="","",Accounts!A10) -> 4000 | B10: =IF(Accounts!B10="","",Accounts!B10) -> Service revenue | C10: =IF(A10="","",IF((SUMIFS('General ledger'!$F$5:$F$404,'General ledger'!$C$5:$C$404,A10)-SUMIFS('General ledger'!$G$5:$G$404,'General ledger'!$C$5:$C$404,A10))>0,(SUMIFS('General ledger'!$F$5:$F$404,'General ledger'!$C$5:$C$404,A10)-SUMIFS('General ledger'!$G$5:$G$404,'General ledger'!$C$5:$C$404,A10)),0)) -> 0 | D10: =IF(A10="","",IF((SUMIFS('General ledger'!$F$5:$F$404,'General ledger'!$C$5:$C$404,A10)-SUMIFS('General ledger'!$G$5:$G$404,'General ledger'!$C$5:$C$404,A10))<0,-(SUMIFS('General ledger'!$F$5:$F$404,'General ledger'!$C$5:$C$404,A10)-SUMIFS('General ledger'!$G$5:$G$404,'General ledger'!$C$5:$C$404,A10)),0)) -> 8500
A11: =IF(Accounts!A11="","",Accounts!A11) -> 6100 | B11: =IF(Accounts!B11="","",Accounts!B11) -> Wages expense | C11: =IF(A11="","",IF((SUMIFS('General ledger'!$F$5:$F$404,'General ledger'!$C$5:$C$404,A11)-SUMIFS('General ledger'!$G$5:$G$404,'General ledger'!$C$5:$C$404,A11))>0,(SUMIFS('General ledger'!$F$5:$F$404,'General ledger'!$C$5:$C$404,A11)-SUMIFS('General ledger'!$G$5:$G$404,'General ledger'!$C$5:$C$404,A11)),0)) -> 9000 | D11: =IF(A11="","",IF((SUMIFS('General ledger'!$F$5:$F$404,'General ledger'!$C$5:$C$404,A11)-SUMIFS('General ledger'!$G$5:$G$404,'General ledger'!$C$5:$C$404,A11))<0,-(SUMIFS('General ledger'!$F$5:$F$404,'General ledger'!$C$5:$C$404,A11)-SUMIFS('General ledger'!$G$5:$G$404,'General ledger'!$C$5:$C$404,A11)),0)) -> 0
A12: =IF(Accounts!A12="","",Accounts!A12) -> 6200 | B12: =IF(Accounts!B12="","",Accounts!B12) -> Software subscriptions | C12: =IF(A12="","",IF((SUMIFS('General ledger'!$F$5:$F$404,'General ledger'!$C$5:$C$404,A12)-SUMIFS('General ledger'!$G$5:$G$404,'General ledger'!$C$5:$C$404,A12))>0,(SUMIFS('General ledger'!$F$5:$F$404,'General ledger'!$C$5:$C$404,A12)-SUMIFS('General ledger'!$G$5:$G$404,'General ledger'!$C$5:$C$404,A12)),0)) -> 310 | D12: =IF(A12="","",IF((SUMIFS('General ledger'!$F$5:$F$404,'General ledger'!$C$5:$C$404,A12)-SUMIFS('General ledger'!$G$5:$G$404,'General ledger'!$C$5:$C$404,A12))<0,-(SUMIFS('General ledger'!$F$5:$F$404,'General ledger'!$C$5:$C$404,A12)-SUMIFS('General ledger'!$G$5:$G$404,'General ledger'!$C$5:$C$404,A12)),0)) -> 0
A13: =IF(Accounts!A13="","",Accounts!A13) -> 6300 | B13: =IF(Accounts!B13="","",Accounts!B13) -> Rent expense | C13: =IF(A13="","",IF((SUMIFS('General ledger'!$F$5:$F$404,'General ledger'!$C$5:$C$404,A13)-SUMIFS('General ledger'!$G$5:$G$404,'General ledger'!$C$5:$C$404,A13))>0,(SUMIFS('General ledger'!$F$5:$F$404,'General ledger'!$C$5:$C$404,A13)-SUMIFS('General ledger'!$G$5:$G$404,'General ledger'!$C$5:$C$404,A13)),0)) -> 2400 | D13: =IF(A13="","",IF((SUMIFS('General ledger'!$F$5:$F$404,'General ledger'!$C$5:$C$404,A13)-SUMIFS('General ledger'!$G$5:$G$404,'General ledger'!$C$5:$C$404,A13))<0,-(SUMIFS('General ledger'!$F$5:$F$404,'General ledger'!$C$5:$C$404,A13)-SUMIFS('General ledger'!$G$5:$G$404,'General ledger'!$C$5:$C$404,A13)),0)) -> 0
A14: =IF(Accounts!A14="","",Accounts!A14) | B14: =IF(Accounts!B14="","",Accounts!B14) | C14: =IF(A14="","",IF((SUMIFS('General ledger'!$F$5:$F$404,'General ledger'!$C$5:$C$404,A14)-SUMIFS('General ledger'!$G$5:$G$404,'General ledger'!$C$5:$C$404,A14))>0,(SUMIFS('General ledger'!$F$5:$F$404,'General ledger'!$C$5:$C$404,A14)-SUMIFS('General ledger'!$G$5:$G$404,'General ledger'!$C$5:$C$404,A14)),0)) | D14: =IF(A14="","",IF((SUMIFS('General ledger'!$F$5:$F$404,'General ledger'!$C$5:$C$404,A14)-SUMIFS('General ledger'!$G$5:$G$404,'General ledger'!$C$5:$C$404,A14))<0,-(SUMIFS('General ledger'!$F$5:$F$404,'General ledger'!$C$5:$C$404,A14)-SUMIFS('General ledger'!$G$5:$G$404,'General ledger'!$C$5:$C$404,A14)),0))
A15: =IF(Accounts!A15="","",Accounts!A15) | B15: =IF(Accounts!B15="","",Accounts!B15) | C15: =IF(A15="","",IF((SUMIFS('General ledger'!$F$5:$F$404,'General ledger'!$C$5:$C$404,A15)-SUMIFS('General ledger'!$G$5:$G$404,'General ledger'!$C$5:$C$404,A15))>0,(SUMIFS('General ledger'!$F$5:$F$404,'General ledger'!$C$5:$C$404,A15)-SUMIFS('General ledger'!$G$5:$G$404,'General ledger'!$C$5:$C$404,A15)),0)) | D15: =IF(A15="","",IF((SUMIFS('General ledger'!$F$5:$F$404,'General ledger'!$C$5:$C$404,A15)-SUMIFS('General ledger'!$G$5:$G$404,'General ledger'!$C$5:$C$404,A15))<0,-(SUMIFS('General ledger'!$F$5:$F$404,'General ledger'!$C$5:$C$404,A15)-SUMIFS('General ledger'!$G$5:$G$404,'General ledger'!$C$5:$C$404,A15)),0))
A16: =IF(Accounts!A16="","",Accounts!A16) | B16: =IF(Accounts!B16="","",Accounts!B16) | C16: =IF(A16="","",IF((SUMIFS('General ledger'!$F$5:$F$404,'General ledger'!$C$5:$C$404,A16)-SUMIFS('General ledger'!$G$5:$G$404,'General ledger'!$C$5:$C$404,A16))>0,(SUMIFS('General ledger'!$F$5:$F$404,'General ledger'!$C$5:$C$404,A16)-SUMIFS('General ledger'!$G$5:$G$404,'General ledger'!$C$5:$C$404,A16)),0)) | D16: =IF(A16="","",IF((SUMIFS('General ledger'!$F$5:$F$404,'General ledger'!$C$5:$C$404,A16)-SUMIFS('General ledger'!$G$5:$G$404,'General ledger'!$C$5:$C$404,A16))<0,-(SUMIFS('General ledger'!$F$5:$F$404,'General ledger'!$C$5:$C$404,A16)-SUMIFS('General ledger'!$G$5:$G$404,'General ledger'!$C$5:$C$404,A16)),0))
... A64: =IF(Accounts!A64="","",Accounts!A64) | B64: =IF(Accounts!B64="","",Accounts!B64) | C64: =IF(A64="","",IF((SUMIFS('General ledger'!$F$5:$F$404,'General ledger'!$C$5:$C$404,A64)-SUMIFS('General ledger'!$G$5:$G$404,'General ledger'!$C$5:$C$404,A64))>0,(SUMIFS('General ledger'!$F$5:$F$404,'General ledger'!$C$5:$C$404,A64)-SUMIFS('General ledger'!$G$5:$G$404,'General ledger'!$C$5:$C$404,A64)),0)) | D64: =IF(A64="","",IF((SUMIFS('General ledger'!$F$5:$F$404,'General ledger'!$C$5:$C$404,A64)-SUMIFS('General ledger'!$G$5:$G$404,'General ledger'!$C$5:$C$404,A64))<0,-(SUMIFS('General ledger'!$F$5:$F$404,'General ledger'!$C$5:$C$404,A64)-SUMIFS('General ledger'!$G$5:$G$404,'General ledger'!$C$5:$C$404,A64)),0))
B66: Totals | C66: =SUM(C5:C64) -> 58810 | D66: =SUM(D5:D64) -> 58810
B67: Difference (must be zero) | C67: =ROUND(C66-D66,2) -> 0
